 Dungeon Crawl Stone Soup version 0.25.0-26-g0c896c7088 (webtiles) character file.

Game seed: 18076136394006717542

525076 greatoctopus the Warrior (level 26, 0/194 HPs)
             Began as an Octopode Fighter on July 3, 2020.
             Was an Initiate of Gozag.
             Splashed by an acid blob's acid (6 damage)
             ... created by the Royal Jelly
             ... on level 5 of the Pits of Slime.
             The game lasted 02:51:28 (61292 turns).

greatoctopus the Warrior (Octopode Fighter)        Turns: 61292, Time: 02:51:29

Health: 0/194      AC: -2    Str: 28    XL:     26   Next: 2%
Magic:  0/42       EV: 27    Int: 20    God:    Gozag
Gold:   16913      SH: 29    Dex: 23    Spells: 20/38 levels left

rFire    . . .     SeeInvis .   b - +8 scimitar of Padd {freeze, *Noise +Inv rC+++ rN+}
rCold    + + +     Gourm    .   p - +5 kite shield
rNeg     + + +     Faith    .   C - +1 hat {MR+}
rPois    +         Spirit   +   D - brooch of Shielding {Spirit SH+8}
rElec    +         Reflect  .   H - ring "Xoaront" {*Drain rC++ Int+6 Slay+2}
rCorr    +         Harm     .   T - ring "Regamigo" {Wiz rPois MR+ MP+9 Str-2}
MR       +++++     Clarity  +   u - +6 ring of dexterity
Stlth    +++++++++.             r - ring of Neonerom {*Contam *Drain rN+ Str+9 Slay+4}
HPRegen  0.42/turn              t - +4 ring of slaying
MPRegen  0.28/turn              a - ring "Niwa" {Str+3 Slay+2 Stlth+}
                                q - ring of resist corrosion
                                i - ring of Sitegydgh {rN+ MR+ Str-2 Dex+2 Slay+6}

@: mighty, corroded, gold aura, berserk cooldown, very slightly contaminated,
hasted and slowed
A: almost no armour, stealthy swim, amphibious, 8 rings, constrict 8, camouflage
1, blink, clarity, magic resistance 1, electricity resistance, gelatinous body 1
}: 2/15 runes: serpentine, barnacled
a: Blink, Potion Petition, Call Merchant, Bribe Branch, Renounce Religion, Evoke
Invisibility


You were on level 5 of the Pits of Slime.
You worshipped Gozag.
Gozag was extremely pleased with you.
You were not hungry.

You visited 9 branches of the dungeon, and saw 48 of its levels.
You also visited: Gauntlet and Ice Cave.

You collected 28188 gold pieces.
You spent 7930 gold pieces at shops.
You paid 3345 gold pieces to Gozag.

Inventory:

Hand Weapons
 b - the +8 scimitar of Padd (weapon) {freeze, *Noise +Inv rC+++ rN+}
   (You bought it in a shop on level 2 of the Orcish Mines)

   It has been specially enchanted to freeze those struck by it, causing extra
   injury to most foes and up to half again as much damage against particularly
   susceptible opponents.
   It can also slow down cold-blooded creatures.
   It renders you almost immune to cold.
   It protects you from negative energy.
   It lets you turn invisible.
   It may make noises in combat.
Missiles
 o - 46 javelins (quivered)
 O - 76 boomerangs
Armour
 p - a +5 kite shield (worn)
 C - a +1 hat of magic resistance (worn)
Jewellery
 a - the ring "Niwa" (on tentacle) {Str+3 Slay+2 Stlth+}
   (You found it on level 4 of the Shoals)

   [ring of stealth]

   It affects your strength (+3).
   It affects your accuracy and damage with ranged weapons and melee attacks
   (+2).
   It makes you more stealthy.
 e - an uncursed amulet of regeneration
 i - the ring of Sitegydgh (on tentacle) {rN+ MR+ Str-2 Dex+2 Slay+6}
   (You found it in a Gauntlet)

   [ring of protection from magic]

   It affects your strength (-2).
   It affects your dexterity (+2).
   It affects your accuracy and damage with ranged weapons and melee attacks
   (+6).
   It protects you from negative energy.
   It affects your resistance to hostile enchantments.
 q - a ring of resist corrosion (on tentacle)
 r - the ring of Neonerom (on tentacle) {*Contam *Drain rN+ Str+9 Slay+4}
   (You bought it in a shop on level 2 of the Elven Halls)

   [ring of slaying]

   It affects your strength (+9).
   It affects your accuracy and damage with ranged weapons and melee attacks
   (+4).
   It protects you from negative energy.
   It causes magical contamination when unequipped.
   It causes draining when unequipped.
 t - a +4 ring of slaying (on tentacle)
 u - a +6 ring of dexterity (on tentacle)
 D - the brooch of Shielding (around mantle) {Spirit SH+8}
   (You found it in a Gauntlet)

   [amulet of guardian spirit]

   It causes incoming damage to be split between your health and magic.
   It affects your SH (+8).
 H - the ring "Xoaront" (left tentacle) {*Drain rC++ Int+6 Slay+2}
   (You bought it in a shop on level 2 of the Snake Pit)

   [ring of intelligence]

   It affects your intelligence (+6).
   It affects your accuracy and damage with ranged weapons and melee attacks
   (+2).
   It greatly protects you from cold.
   It causes draining when unequipped.
 M - a +6 ring of dexterity
 T - the ring "Regamigo" (right tentacle) {Wiz rPois MR+ MP+9 Str-2}
   (You found it on level 5 of the Lair of Beasts)

   [ring of wizardry]

   It improves your spell success rate.
   It affects your strength (-2).
   It protects you from poison.
   It affects your resistance to hostile enchantments.
   It affects your magic capacity (+9).
Wands
 h - a wand of iceblast (27)
 B - a wand of disintegration (31)
 E - a wand of acid (24)
 I - a wand of paralysis (31)
 N - a wand of clouds (10)
 P - a wand of flame (98)
 W - a wand of digging (15)
Scrolls
 j - a scroll of holy word
 k - 5 scrolls of teleportation
 x - 3 scrolls of fear
 y - a scroll of silence
 G - 2 scrolls of summoning
 Q - 10 scrolls of immolation
 V - 5 scrolls of fog
 Z - 3 scrolls of magic mapping
Potions
 c - 4 potions of might
 f - 30 potions of curing
 g - 8 potions of ambrosia
 l - 11 potions of haste
 m - 4 potions of magic
 n - 3 potions of berserk rage
 s - 2 potions of invisibility
 w - 6 potions of lignification
 F - 9 potions of mutation
 K - a potion of resistance
 S - 6 potions of stabbing
Miscellaneous
 A - a tin of tremorstones (3/3)
 R - 5 phantom mirrors
 U - a phial of floods
 X - a lightning rod (4/4)
Comestibles
 d - 27 rations


   Skills:
 - Level 19.6 Fighting
 - Level 18.7 Long Blades
 - Level 11.0 Throwing
 - Level 14.0 Dodging
 - Level 18.8 Stealth
 - Level 15.0 Shields
 - Level 6.8 Spellcasting
 + Level 13.2 Necromancy
 - Level 2.9 Translocations
 - Level 17.9 Transmutations
 - Level 14.0 Evocations


You had 20 spell levels left.
You knew the following spells:

 Your Spells              Type           Power        Failure   Level  Hunger
a - Petrify               Tmut/Erth      #####...     1%          4    ###....
b - Blink                 Tloc           N/A          1%          2    None
c - Passage of Golubria   Tloc           N/A          12%         4    ###....
d - Necromutation         Tmut/Necr      ######....   38%         8    #######

Your spell library contained the following spells:

 Spells                   Type           Power        Failure   Level  Hunger
 Beastly Appendage        Tmut           ######       0%          1    None
 Sticks to Snakes         Tmut           ######..     0%          2    None
 Animate Skeleton         Necr           N/A          1%          1    None
 Apportation              Tloc           ###...       1%          1    None
 Pain                     Necr           ####         1%          1    None
 Sting                    Tmut/Pois      ####         1%          1    None
 Corpse Rot               Necr/Air       N/A          1%          2    None
 Passwall                 Tmut/Erth      #####...     1%          2    None
 Sublimation of Blood     Necr           ######....   1%          2    None
 Ignite Poison            Fire/Tmut/Pois ####....     1%          3    #......
 Spider Form              Tmut/Pois      #####.....   1%          3    #......
 Vampiric Draining        Necr           ######....   1%          3    #......
 Animate Dead             Necr           N/A          1%          4    ###....
 Dispel Undead            Necr           ######..     1%          4    ###....
 Ice Form                 Ice/Tmut       #####...     1%          4    ###....
 Agony                    Necr           ######..     1%          5    #####..
 Blade Hands              Tmut           ######....   1%          5    #####..
 Dragon Form              Tmut           ######....   1%          7    #######
 Irradiate                Conj/Tmut      #####.....   2%          5    #####..
 Yara's Violent Unravell  Hex/Tmut       #####.....   2%          5    #####..
 Death Channel            Necr           ######....   2%          6    ######.
 Shroud of Golubria       Chrm/Tloc      ##....       3%          2    None
 Gell's Gravitas          Tloc           ###.......   3%          3    #......
 Lesser Beckoning         Tloc           ###.......   3%          3    #......
 Teleport Other           Tloc           ###.....     3%          3    #......
 Corona                   Hex            #......      4%          1    None
 Foxfire                  Conj/Fire      #...         4%          1    None
 Freeze                   Ice            #...         4%          1    None
 Magic Dart               Conj           #...         4%          1    None
 Sandblast                Erth           #.....       4%          1    None
 Shock                    Conj/Air       #...         4%          1    None
 Summon Small Mammal      Summ           #...         4%          1    None
 Call Imp                 Summ           #.......     6%          2    None
 Searing Ray              Conj           #.....       6%          2    None
 Slow                     Hex            #.......     6%          2    None
 Swiftness                Chrm/Air       #.......     6%          2    None
 Portal Projectile        Hex/Tloc       ##....       6%          3    #......
 Recall                   Summ/Tloc      N/A          6%          3    #......
 Borgnjor's Vile Clutch   Necr/Erth      ####......   8%          5    #####..
 Excruciating Wounds      Chrm/Necr      ####......   8%          5    #####..
 Call Canine Familiar     Summ           #.......     12%         3    #......
 Confusing Touch          Hex            #.......     12%         3    #......
 Conjure Flame            Conj/Fire      #.......     12%         3    #......
 Dazzling Flash           Conj/Hex       #.....       12%         3    #......
 Inner Flame              Hex/Fire       #.......     12%         3    #......
 Mephitic Cloud           Conj/Pois/Air  #.......     12%         3    #......
 Ozocubu's Armour         Chrm/Ice       #.......     12%         3    #......
 Spectral Weapon          Hex/Chrm       #.......     12%         3    #......
 Static Discharge         Conj/Air       #.......     12%         3    #......
 Stone Arrow              Conj/Erth      #.....       12%         3    #......
 Summon Guardian Golem    Hex/Summ       #.......     12%         3    #......
 Iskenderun's Mystic Bla  Conj/Tloc      ##......     21%         4    ###....
 Airstrike                Air            #.........   34%         4    ###....
 Cause Fear               Hex            #.........   34%         4    ###....
 Fulminant Prism          Conj/Hex       #.........   34%         4    ###....
 Hailstorm                Conj/Ice       #.......     34%         4    ###....
 Sticky Flame             Conj/Fire      #.......     34%         4    ###....
 Summon Ice Beast         Ice/Summ       #.......     34%         4    ###....
 Summon Lightning Spire   Summ/Air       #.......     34%         4    ###....
 Simulacrum               Ice/Necr       ####......   36%         6    ######.
 Bolt of Magma            Conj/Fire/Erth #.........   69%         5    #####..
 Fireball                 Conj/Fire      #.........   69%         5    #####..
 Iskenderun's Battlesphe  Conj/Chrm      #.......     69%         5    #####..
 Lee's Rapid Deconstruct  Erth           #.........   69%         5    #####..
 Lightning Bolt           Conj/Air       #.........   69%         5    #####..
 Metabolic Englaciation   Hex/Ice        #.........   69%         5    #####..
 Borgnjor's Revivificati  Necr           ######....   69%         8    #######
 Infestation              Necr           ######....   69%         8    #######
 Dispersal                Tloc           ###.......   83%         6    ######.
 Haunt                    Necr/Summ      ####......   89%         7    #######
 Freezing Cloud           Conj/Ice/Air   #.........   99%         6    ######.
 Iron Shot                Conj/Erth      #.........   99%         6    ######.
 Ozocubu's Refrigeration  Ice            #.........   99%         6    ######.
 Orb of Destruction       Conj           #.........   100%        7    #######
 Ring of Flames           Chrm/Fire      #.........   100%        7    #######
 Spellforged Servitor     Conj/Summ      #.........   100%        7    #######
 Chain Lightning          Conj/Air       #.........   100%        8    #######
 Controlled Blink         Tloc           N/A          100%        8    #######
 Death's Door             Chrm/Necr      ####......   100%        8    #######
 Disjunction              Tloc           ###.......   100%        8    #######
 Lehudib's Crystal Spear  Conj/Erth      #.........   100%        8    #######
 Absolute Zero            Ice            #.........   100%        9    #######
 Dragon's Call            Summ           #.........   100%        9    #######
 Fire Storm               Conj/Fire      #.........   100%        9    #######


Dungeon Overview and Level Annotations

Branches:
Dungeon (15/15)            Temple (0/1) D:7            Lair (6/6) D:10
 Shoals (4/4) Lair:2        Snake (4/4) Lair:4        Slime (5/5) Lair:6
    Orc (2/2) D:9             Elf (3/3) Orc:2        Vaults (4/5) D:13
  Crypt (0/3) Vaults:2     Depths (5/5) D:15            Zot (0/5) Depths:5
  IceCv (visited)         Gauntlet (visited)

Altars:
Ashenzari
Cheibriados
Dithmenos
Elyvilon
Fedhas
Gozag
Kikubaaqudgha
Okawaru
Vehumet
Wu Jian
Zin
Beogh

Shops:
D:4 (   D:5 *   D:13 (   Orc:2 *}=}   Elf:2 =}[*   Elf:3 *   Shoals:2 *
Snake:2 [==*(([   Vaults:3 =   Vaults:4 }   Depths:4 *   Depths:5 [

Portals:
Hell: Depths:1 Depths:2 Depths:3 Depths:4 Depths:5
Abyss: Depths:4 Depths:5
Pandemonium: Depths:3
Ziggurat: Depths:5

Annotations:
Snake:4 3 runed translucent doors, oberejnoburuli's ghost, adept TrMo; opiumtea's ghost, adept DsFi
Elf:2 3 runed translucent doors
Vaults:1 3 runed translucent doors, corvin's ghost, veteran TrBe


Innate Abilities, Weirdness & Mutations

You cannot wear most types of armour.
You are very stealthy in the water. (Stealth+)
You are amphibious.
You can wear up to eight rings at the same time.
You can use your tentacles to constrict eight enemies at once.
Your skin changes colour to match your surroundings (Stealth+).
Your rubbery body absorbs attacks. (AC +1, EV +1)
You can translocate small distances at will.
You possess an exceptional clarity of mind.
You are resistant to hostile enchantments. (MR+)
You are resistant to electric shocks. (rElec)


Message History

You throw a javelin.
The javelin pierces through the shining eye!!
The shining eye is heavily wounded.
Throwing (i - inventory. (/) - cycle)
o - 47 javelins (quivered)
Press: ? - help, Shift-Dir - straight line, f/p - shining eye
Aim: a shining eye (heavily wounded)
You throw a javelin.
The javelin pierces through the shining eye!!
You kill the shining eye!
The javelin pierces through the acid blob!
The acid blob is severely wounded.
The acid blob spits acid at you. You block the splash of acid.
The death ooze becomes distracted by the nearby gold, dreaming of imaginary riches.
The acid blob spits acid at you. The splash of acid hits you! You resist.
* * * LOW HITPOINT WARNING * * *
You are splashed with acid!
You resist.
You die...
Your body crumbles into a pile of gold.

.............#.
................
.................
.................
.................
.....................#
.....................##
.......@..............
.....................
............J.......
.............J.....##
...........J........##
.............$..$....###
.............JJ$...J..#.
................$$.JJ...
.............(.J.J.JJ..


You could see an acid blob, an azure jelly and 3 death oozes.

Vanquished Creatures
  the Royal Jelly (Slime:5)
  2 ancient liches (Vaults:4)
  Mennas (Vaults:3)
  Bai Suzhen (Vaults:2)
  Frederick (Vaults:3)
  A caustic shrike (Depths:3)
  Margery (Depths:4)
  Xtahua (Depths:4)
  3 golden dragons
  the Enchantress (Depths:4)
  Nikola (Vaults:1)
  The ghost of CakeIsGreat the Earth Mage, an adept GrEE of Vehumet (Vaults:4)
  4 liches
  A tentacled monstrosity (Depths:3)
  Rupert (D:15)
  Jorgrun (D:9)
  Asterion (Depths:1)
  2 deep elf blademasters (Elf:3)
  10 acid blobs
  2 deep elf master archers (Elf:3)
  A titan (Depths:3)
  A kraken (Shoals:4)
  5 storm dragons
  Agnes (D:15)
  A sphinx (Depths:4)
  5 tengu reavers
  2 storm dragons (shapeshifter) (Depths:2)
  Donald (Orc:2)
  Ilsuiw (Shoals:3)
  6 fire giants
  7 azure jellies
  13 nagarajas
  5 frost giants
  2 draconian knights (Depths:5)
  3 deep elf sorcerers (Elf:3)
  A frost giant (shapeshifter) (Depths:2)
  A cacodemon (Depths:3)
  Aizul (Snake:2)
  8 vault wardens
  8 deep elf elementalists (Elf:3)
  A ghoul (Vaults:2)
  3 spriggan defenders (Depths:4)
  11 ironheart preservers
  A reaper (IceCv)
  3 war gargoyles
  18 very ugly things
  2 entropy weavers
  11 stone giants
  3 deep elf demonologists
  2 entropy weavers (shapeshifter) (Depths:2)
  7 deep elf annihilators
  2 green draconians (Depths:5)
  2 vampire knights
  2 dire elephants (shapeshifter)
  Azrael (Snake:2)
  2 purple draconians
  Nessos (Lair:5)
  A black draconian (Depths:5)
  A red draconian (Depths:5)
  4 spark wasps
  A minotaur (Gauntlet)
  A white draconian (Depths:5)
  The ghost of Darubir the Archer, a journeyman CeAM of Okawaru (Lair:5)
  4 deep elf death magi (Elf:3)
  9 crystal guardians
  A blizzard demon (Depths:2)
  11 ettins
  Snorg (Orc:2)
  7 merfolk impalers
  3 merfolk javelineers
  11 great orbs of eyes
  6 death oozes (Slime:5)
  10 fire dragons
  7 yaktaur captains
  7 deep elf high priests (Elf:3)
  A caustic shrike simulacrum (Depths:4)
  16 naga warriors
  6 hydras
  7 vault guards
  7 rakshasas
  6 spriggan air magi
  6 merfolk avatars
  8 merfolk aquamancers
  9 ice dragons
  13 ogre magi
  4 death knights
  11 centaur warriors
  2 alligator snapping turtles
  11 anacondas
  3 satyrs
  A two-headed ogre (shapeshifter) (Depths:2)
  50 two-headed ogres
  3 death yaks
  7 deep troll earth magi
  3 tengu warriors
  5 deep troll shamans
  2 shock serpents
  5 spriggan berserkers
  13 naga sharpshooters
  5 hell knights (Depths:4)
  An iron golem (Depths:2)
  A soul eater (Depths:3)
  20 deep elf knights
  A wretched star (Gauntlet)
  4 iron trolls
  A sixfirhy (Depths:3)
  14 sea snakes
  A death drake (shapeshifter) (Depths:2)
  5 unseen horrors
  3 flayed ghosts
  3 shadow wraiths
  5 glowing orange brains
  An infernal demonspawn (Depths:3)
  3 salamander mystics
  A tengu zombie (Depths:4)
  25 deep trolls
  A wizard (Depths:3)
  4 obsidian statues (Depths:2)
  19 deep elf archers
  A phantasmal warrior (Vaults:2)
  A lindwurm (shapeshifter) (Vaults:1)
  8 mana vipers
  26 harpies
  5 naga ritualists
  An orb spider (shapeshifter) (Depths:3)
  12 ironbrand convokers
  66 deep elf magi
  A sphinx zombie (Vaults:1)
  2 fire giant zombies
  2 shining eyes
  8 necromancers
  8 oklob plants
  2 wolf spiders
  9 orc knights
  3 orc sorcerers
  11 fauns
  24 ugly things
  A wolf spider (shapeshifter) (Depths:2)
  A human zombie (Vaults:2)
  15 manticores
  9 salamanders
  9 elephants (Lair:6)
  3 tengu skeletons
  27 black mambas
  A cyclops (shapeshifter) (Depths:3)
  14 cyclopes
  A manticore (shapeshifter) (Depths:2)
  A torpor snail (Lair:2)
  12 vault sentinels
  38 naga magi
  3 guardian serpents
  10 water nymphs
  Maurice (Orc:2)
  10 merfolk sirens
  2 molten gargoyles (Depths:2)
  A guardian serpent (shapeshifter) (Vaults:3)
  Psyche (D:8)
  2 ice statues (IceCv)
  10 gargoyles
  A storm dragon simulacrum (Vaults:3)
  A spiny frog (shapeshifter) (Vaults:1)
  8 spiny frogs
  4 komodo dragons
  A yaktaur zombie (Vaults:2)
  44 yaktaurs
  A rime drake (Lair:6)
  An efreet (D:14)
  3 freezing wraiths
  2 yaktaur skeletons
  9 ice devils
  A kobold demonologist (D:15)
  16 trolls
  A troll (shapeshifter) (Depths:2)
  2 polar bears (shapeshifter)
  37 merfolk
  10 wind drakes
  A tyrant leech (shapeshifter) (Depths:2)
  8 hornets
  4 polar bears (Lair:6)
  3 raiju (Depths:2)
  57 slime creatures
  A sphinx simulacrum (Vaults:3)
  2 hippogriffs (shapeshifter)
  A dream sheep (shapeshifter) (Depths:3)
  15 blink frogs
  A fire giant simulacrum (Vaults:2)
  13 dream sheep
  7 hippogriffs
  A blink frog (shapeshifter) (Vaults:3)
  11 air elementals
  6 snapping turtles
  Sigmund (D:2)
  A stone giant simulacrum (Depths:1)
  60 yaks
  A vampire (D:12)
  A spriggan (shapeshifter) (Vaults:4)
  A redback (shapeshifter) (D:15)
  21 spriggans
  An ice dragon skeleton (Depths:1)
  A redback (Gauntlet)
  A ynoxinul (Depths:3)
  29 water elementals
  6 wraiths
  6 basilisks
  2 basilisks (shapeshifter)
  7 fire elementals
  2 wyverns
  4 hogs (D:8)
  A human (D:8)
  2 golden eyes (Slime:1)
  A golden eye (shapeshifter) (Vaults:2)
  A steam dragon (D:11)
  2 hungry ghosts
  4 vampire mosquitoes
  A neqoxec (Gauntlet)
  3 human simulacra
  4 wargs
  2 insubstantial wisps (Depths:2)
  A soldier ant (D:10)
  4 acid dragons
  5 hell hounds (Snake:2)
  59 nagas
  6 water moccasins
  A floating eye (shapeshifter) (Depths:2)
  A water moccasin (shapeshifter) (Depths:2)
  A hornet zombie (D:7)
  A floating eye (Depths:4)
  10 porcupines
  4 black bears
  12 ice beasts
  An ice beast (shapeshifter) (Vaults:2)
  26 orc warriors
  4 sky beasts
  An eye of draining (shapeshifter) (Depths:1)
  A phantom (D:7)
  52 ogres
  30 wolves
  3 boggarts (Lair:6)
  5 eyes of draining
  27 centaurs
  7 crocodiles
  2 big kobolds
  19 bullfrogs
  7 earth elementals
  A wyvern zombie (D:14)
  A deep troll simulacrum (Vaults:2)
  A wyvern skeleton (D:10)
  2 scorpions
  An orc simulacrum (Vaults:1)
  13 killer bees
  5 howler monkeys
  3 electric eels (Lair:5)
  11 wights
  10 crimson imps
  6 centaur zombies
  4 bullfrog zombies
  A quasit (Depths:3)
  8 centaur skeletons
  4 jellies
  20 orc priests
  Crazy Yiuf (D:3)
  2 bullfrog skeletons
  7 hounds
  An iron imp (Depths:3)
  19 orc wizards
  An iguana (D:11)
  Jessica (D:2)
  3 worker ants
  A hound zombie (D:5)
  5 hound skeletons
  A howler monkey zombie (D:11)
  A worker ant zombie (D:10)
  Robin (D:2)
  12 adders
  2 shadow imps
  10 white imps
  8 ufetubi
  An ooze (D:1)
  5 adder skeletons
  3 worms
  11 ball lightnings (Depths:2)
  A dart slug (D:2)
  7 leopard geckos
  95 orcs
  7 bats
  5 giant cockroaches
  18 goblins
  9 hobgoblins
  13 jackals
  10 kobolds
  5 quokkas
  A ball python (D:4)
  4 frilled lizards
  A giant cockroach zombie (D:6)
  A quokka skeleton (D:5)
  14 rats
  3 fungi
  5 plants
  4 tentacles (Shoals:4)
2066 creatures vanquished.

Vanquished Creatures (others)
  A very ugly thing (Depths:2)
  An ogre mage (Vaults:3)
  35 dancing weapons
  A glowing orange brain (Depths:2)
  A deep elf mage (Elf:3)
  An ugly thing (Depths:2)
  A black mamba (Snake:3)
  A merfolk (Shoals:4)
  4 water elementals (Depths:2)
  A yak (D:10)
  A naga (Snake:3)
  3 white imps (IceCv)
  4 ufetubi (IceCv)
  3 ball lightnings (Depths:2)
  A kobold (D:3)
  4 fungi
  34 plants
  4 tentacles (Shoals:4)
  7 toadstools (D:1)
108 creatures vanquished.

Grand Total: 2174 creatures vanquished

Notes
Turn   | Place    | Note
-------+----------+-------------------------------------------
     0 | D:1      | greatoctopus the Octopode Fighter began the quest for the
                  | Orb.
     0 | D:1      | Reached XP level 1. HP: 16/16 MP: 1/1
    96 | D:1      | Reached XP level 2. HP: 7/21 MP: 2/2
   637 | D:1      | Reached XP level 3. HP: 26/26 MP: 3/3
  1427 | D:2      | Noticed Sigmund
  1441 | D:2      | Killed Sigmund
  1441 | D:2      | Reached XP level 4. HP: 22/31 MP: 4/4
  1441 | D:2      | Reached XP level 5. HP: 26/36 MP: 5/5
  1584 | D:2      | Reached XP level 6. HP: 38/42 MP: 6/6
  1625 | D:2      | Noticed Jessica
  1633 | D:2      | Killed Jessica
  1708 | D:2      | Noticed Robin
  1742 | D:2      | Killed Robin
  1852 | D:2      | Reached skill level 4 in Fighting
  1889 | D:3      | Reached skill level 5 in Fighting
  1928 | D:3      | Reached XP level 7. HP: 50/50 MP: 7/7
  2010 | D:3      | Found a radiant altar of Vehumet.
  2588 | D:3      | Found a shadowy altar of Dithmenos.
  2588 | D:3      | Found an opulent altar of Gozag.
  2741 | D:3      | Became a worshipper of Gozag Ym Sagoz the Greedy
  2944 | D:3      | Found a runed translucent door.
  2945 | D:3      | Noticed Crazy Yiuf
  2953 | D:3      | Killed Crazy Yiuf
  3201 | D:4      | Found Qeec Wil's Antique Weapon Emporium.
  3262 | D:4      | Found a shattered altar of Ashenzari.
  3440 | D:4      | Reached XP level 8. HP: 55/55 MP: 8/8
  3837 | D:5      | Entered Level 5 of the Dungeon
  4193 | D:5      | Found Zin's Purification Station.
  4199 | D:5      | Found a glowing silver altar of Zin.
  4783 | D:6      | Reached skill level 5 in Shields
  5609 | D:7      | Reached XP level 9. HP: 61/61 MP: 11/11
  5718 | D:7      | Found an iron altar of Okawaru.
  5786 | D:7      | Reached skill level 5 in Evocations
  5829 | D:7      | Found a white marble altar of Elyvilon.
  5997 | D:7      | Found a staircase to the Ecumenical Temple.
  6669 | D:8      | Found a snail-covered altar of Cheibriados.
  6717 | D:8      | Found an ornate altar of the Wu Jian Council.
  6726 | D:8      | Noticed Psyche
  6735 | D:8      | Killed Psyche
  6858 | D:8      | Reached XP level 10. HP: 56/66 MP: 15/15
  6974 | D:8      | Reached skill level 5 in Dodging
  7755 | D:9      | Found a staircase to the Orcish Mines.
  7777 | D:9      | Found a roughly hewn altar of Beogh.
  7943 | D:9      | Found a blossoming altar of Fedhas.
  8117 | D:9      | Found an ancient bone altar of Kikubaaqudgha.
  8442 | D:9      | Reached XP level 11. HP: 71/71 MP: 16/16
  8636 | D:10     | Entered Level 10 of the Dungeon
  8794 | D:10     | Found a staircase to the Lair.
  9124 | D:10     | Noticed an unseen horror
  9131 | D:10     | Killed an unseen horror
  9507 | D:11     | Noticed an unseen horror
  9515 | D:11     | Killed an unseen horror
 10072 | D:11     | Reached skill level 10 in Long Blades
 10254 | D:11     | Noticed a manticore
 10265 | D:11     | Killed a manticore
 10914 | D:12     | Noticed a five-headed hydra
 10918 | D:12     | Noticed a cyan ugly thing
 11152 | D:12     | Noticed a purple ugly thing
 11156 | D:12     | Killed a cyan ugly thing
 11160 | D:12     | Killed a purple ugly thing
 11160 | D:12     | Reached XP level 12. HP: 77/77 MP: 17/17
 11270 | D:12     | Killed a five-headed hydra
 11894 | D:13     | Noticed a two-headed ogre
 11921 | D:13     | Noticed a two-headed ogre
 11933 | D:13     | Killed a two-headed ogre
 11933 | D:13     | Reached skill level 6 in Fighting
 12328 | D:13     | Reached skill level 7 in Fighting
 12341 | D:13     | Killed a two-headed ogre
 12367 | D:13     | Noticed a centaur warrior
 12369 | D:13     | Noticed a centaur warrior
 12461 | Orc:1    | Entered Level 1 of the Orcish Mines
 12461 | Orc:1    | Noticed Jorgrun
 12469 | D:9      | Killed Jorgrun
 12718 | Orc:1    | Reached skill level 5 in Throwing
 12991 | Orc:2    | Entered Level 2 of the Orcish Mines
 12991 | Orc:2    | Found a staircase to the Elven Halls.
 13132 | Orc:2    | Noticed Snorg
 13141 | Orc:2    | Killed Snorg
 13141 | Orc:2    | Reached XP level 13. HP: 42/88 MP: 18/18
 13150 | Orc:2    | Noticed Donald
 13337 | Orc:2    | Killed Donald
 13337 | Orc:2    | Reached skill level 10 in Dodging
 13352 | Orc:2    | Noticed Maurice
 13364 | Orc:2    | Killed Maurice
 13371 | Orc:2    | Reached skill level 10 in Shields
 13765 | Orc:2    | Found Sienadat's Gadget Shop.
 13765 | Orc:2    | Found Biazxeydu's Assorted Antiques.
 13825 | Orc:2    | Noticed a stone giant
 14087 | Orc:2    | Reached skill level 8 in Fighting
 14220 | Orc:2    | Killed a stone giant
 14308 | Orc:2    | Found Tiqet's Gadget Shop.
 14320 | Orc:2    | Found Hiseraus's Jewellery Boutique.
 14587 | Orc:2    | Bought a dazzling scimitar for 225 gold pieces
 14587 | Orc:2    | Identified the +8 scimitar of Padd {freeze, *Noise +Inv
                  | rC+++ rN+} (You bought it in a shop on level 2 of the
                  | Orcish Mines)
 14593 | Orc:2    | Bought a +6 ring of strength for 819 gold pieces
 14608 | Orc:2    | Bought a wand of acid (8) for 312 gold pieces
 14608 | Orc:2    | Bought a tin of tremorstones (3/3) for 520 gold pieces
 14608 | Orc:2    | Bought a wand of iceblast (8) for 156 gold pieces
 14608 | Orc:2    | Bought a wand of acid (10) for 364 gold pieces
 14608 | Orc:2    | Bought a wand of paralysis (9) for 143 gold pieces
 14608 | Orc:2    | Bought a phantom mirror for 390 gold pieces
 14615 | Orc:2    | Bought a wand of paralysis (9) for 132 gold pieces
 14615 | Orc:2    | Bought a phantom mirror for 360 gold pieces
 14695 | Lair:1   | Entered Level 1 of the Lair of Beasts
 14808 | Lair:1   | Reached skill level 9 in Fighting
 14976 | Lair:1   | Reached XP level 14. HP: 97/97 MP: 19/19
 15020 | Lair:1   | Found an opulent altar of Gozag.
 15204 | Lair:1   | Reached skill level 10 in Fighting
 16115 | Lair:2   | Found a staircase to the Shoals.
 18208 | Lair:4   | Found a staircase to the Snake Pit.
 18640 | Lair:5   | Noticed Nessos
 18644 | Lair:5   | Killed Nessos
 18744 | Lair:5   | Found a runed translucent gate.
 18745 | Lair:5   | Found a runed translucent gate.
 18745 | Lair:5   | Found a runed translucent gate.
 18747 | Lair:5   | Noticed Darubir's ghost (journeyman CeAM)
 18766 | Lair:5   | Killed Darubir's ghost
 18766 | Lair:5   | Reached skill level 10 in Evocations
 18792 | Lair:5   | Got a sparkling brass ring
 18831 | Lair:4   | Identified the ring "Regamigo" {Wiz rPois MR+ MP+9 Str-2}
                  | (You found it on level 5 of the Lair of Beasts)
 20210 | Lair:6   | Entered Level 6 of the Lair of Beasts
 20211 | Lair:6   | Identified a scroll of acquirement
 20245 | Lair:6   | Found a gate leading to a gauntlet.
 20260 | Gauntlet | Entered a Gauntlet
 20260 | Gauntlet | Found a transporter.
 20263 | Gauntlet | Found a transporter.
 20264 | Gauntlet | Noticed an entropy weaver
 20265 | Gauntlet | Found a transporter.
 20268 | Gauntlet | Found a transporter.
 20268 | Gauntlet | Found a transporter.
 20290 | Gauntlet | Killed an entropy weaver
 20291 | Gauntlet | Found a transporter.
 20317 | Gauntlet | Got an ancient bone ring
 20319 | Gauntlet | Identified the ring of Sitegydgh {rN+ MR+ Str-2 Dex+2
                  | Slay+6} (You found it in a Gauntlet)
 20595 | Gauntlet | Found a runed translucent door.
 20596 | Gauntlet | Found a runed translucent door.
 20598 | Gauntlet | Found a transporter.
 20671 | Gauntlet | Found the brooch of Shielding {Spirit SH+8}
 20842 | Lair:6   | Reached XP level 15. HP: 105/105 MP: 21/21
 20876 | Lair:6   | Learned a level 4 spell: Petrify
 20894 | Lair:6   | Reached skill level 11 in Fighting
 20950 | Lair:6   | Found a staircase to the Slime Pits.
 21307 | Lair:6   | Reached skill level 12 in Fighting
 21645 | Lair:6   | Paralysed by a hornet for 2 turns
 22224 | D:13     | Found a shadowy altar of Dithmenos.
 22227 | D:13     | Got the +0 hat "Kaumaint" {rElec Str+2 Stlth-}
 22237 | D:13     | Reached skill level 13 in Fighting
 22472 | D:13     | Found Pati's Weapon Boutique.
 22555 | D:13     | Found a gate to the Vaults.
 23170 | D:14     | Found an ancient bone altar of Kikubaaqudgha.
 23535 | D:14     | Reached skill level 14 in Fighting
 24042 | D:15     | Entered Level 15 of the Dungeon
 24050 | D:15     | Noticed Agnes
 24060 | D:15     | Noticed Rupert
 24062 | D:15     | Killed Agnes
 24089 | D:15     | Killed Rupert
 24089 | D:15     | Reached XP level 16. HP: 106/120 MP: 24/24
 24107 | D:15     | Reached skill level 15 in Fighting
 24202 | D:15     | Found a frozen archway.
 24216 | IceCv    | Entered an ice cave
 25296 | D:15     | Found a staircase to the Depths.
 25831 | Elf:1    | Entered Level 1 of the Elven Halls
 25836 | Elf:1    | Identified the Grimoire of Scorching Venom
 25841 | Elf:1    | Learned a level 2 spell: Blink
 27371 | Elf:2    | Reached XP level 17. HP: 83/127 MP: 23/25
 27429 | Elf:2    | Found Pofe's Gadget Shoppe.
 27549 | Elf:2    | Reached skill level 15 in Shields
 27551 | Elf:2    | Reached skill level 1 in Translocations
 27838 | Elf:2    | Found Sir Nec's Antique Armour Shop.
 27846 | Elf:2    | Bought a crude buckler for 294 gold pieces
 27846 | Elf:2    | Found Diamak's Assorted Antiques.
 27856 | Elf:2    | Bought a potion of lignification for 75 gold pieces
 27892 | Elf:2    | Found a runed translucent gate.
 27892 | Elf:2    | Found a runed translucent gate.
 27894 | Elf:2    | Found a runed translucent gate.
 28066 | Elf:2    | Identified the +0 buckler "Tuweurr" {-Cast rC+++ rN++} (You
                  | bought it in a shop on level 2 of the Elven Halls)
 28218 | Elf:3    | Entered Level 3 of the Elven Halls
 28279 | Elf:3    | Found Bieput's General Store.
 28330 | Elf:3    | Bought a scroll of summoning for 152 gold pieces
 28535 | Elf:3    | Identified Vehumet's Catalogue of Confrontation
 28876 | Elf:3    | Identified the amulet "Jutos" {Reflect +Inv SH+5 SInv}
 29580 | Elf:3    | Identified the +9 mace of Currency {venom, MR++ Str+4}
 29611 | Elf:3    | Noticed a deep elf master archer
 29612 | Elf:3    | Noticed a deep elf blademaster
 29623 | Elf:3    | Killed a deep elf blademaster
 29623 | Elf:3    | Reached XP level 18. HP: 128/135 MP: 27/27
 29627 | Elf:3    | Killed a deep elf master archer
 29632 | Elf:3    | Noticed a deep elf blademaster
 29634 | Elf:3    | Reached skill level 10 in Throwing
 29635 | Elf:3    | Noticed a deep elf master archer
 29638 | Elf:3    | Noticed a Tzitzimitl
 29641 | Elf:3    | Noticed an Ice Fiend
 29913 | Elf:3    | Killed a deep elf blademaster
 29963 | Elf:3    | Killed a deep elf master archer
 31025 | Elf:2    | Bought the ring of Neonerom {*Contam *Drain rN+ Str+9
                  | Slay+4} for 1744 gold pieces
 31216 | Snake:1  | Entered Level 1 of the Snake Pit
 32110 | Snake:2  | Noticed Aizul
 32122 | Snake:2  | Killed Aizul
 32202 | Snake:2  | Reached skill level 1 in Stealth
 32242 | Snake:2  | Found Ytureirch's Jewellery Shoppe.
 32245 | Snake:2  | Noticed Azrael
 32255 | Snake:2  | Killed Azrael
 32543 | Snake:2  | Found Xeoskis's Armour Emporium.
 32544 | Snake:2  | Found Sixivaor's Weapon Emporium.
 32544 | Snake:2  | Found Yfelis's General Store.
 32547 | Snake:2  | Found Seupnias's Antique Armour Shoppe.
 32563 | Snake:2  | Reached skill level 5 in Stealth
 32569 | Snake:2  | Bought a scroll of magic mapping for 49 gold pieces
 33972 | Snake:3  | Reached skill level 10 in Stealth
 33972 | Snake:3  | Reached XP level 19. HP: 102/140 MP: 27/29
 34949 | Snake:3  | Reached skill level 1 in Spellcasting
 35402 | Snake:4  | Entered Level 4 of the Snake Pit
 35494 | Snake:4  | Found a runed translucent gate.
 35494 | Snake:4  | Found a runed translucent gate.
 35494 | Snake:4  | Found a runed translucent gate.
 35495 | Snake:4  | Noticed oberejnoburuli's ghost (adept TrMo)
 35496 | Snake:4  | Noticed opiumtea's ghost (adept DsFi)
 35734 | Snake:4  | Reached skill level 1 in Transmutations
 35812 | Snake:4  | Reached skill level 5 in Transmutations
 36582 | Snake:4  | Got a serpentine rune of Zot
 36950 | Snake:2  | Bought the ring "Xoaront" {*Drain rC++ Int+6 Slay+2} for
                  | 1287 gold pieces
 37177 | Shoals:1 | Entered Level 1 of the Shoals
 37628 | Shoals:1 | Reached XP level 20. HP: 27/146 MP: 10/30
 37769 | Shoals:1 | Learned a level 4 spell: Passage of Golubria
 37778 | Shoals:1 | Learned a level 8 spell: Necromutation
 38943 | Shoals:2 | Found Goepras's Goods Gallery.
 39355 | Shoals:3 | Reached skill level 15 in Long Blades
 39780 | Shoals:3 | Noticed Ilsuiw
 39794 | Shoals:3 | Killed Ilsuiw
 41063 | Shoals:4 | Entered Level 4 of the Shoals
 41433 | Shoals:4 | Got a scorched steel ring
 41711 | Shoals:4 | Identified the ring "Niwa" {Str+3 Slay+2 Stlth+} (You found
                  | it on level 4 of the Shoals)
 42158 | Shoals:4 | Got a barnacled rune of Zot
 42439 | Shoals:4 | Got a warped pewter amulet
 42887 | Vaults:1 | Entered Level 1 of the Vaults
 43116 | Vaults:1 | Reached XP level 21. HP: 152/152 MP: 31/31
 43244 | Vaults:1 | Found a runed translucent gate.
 43244 | Vaults:1 | Found a runed translucent gate.
 43244 | Vaults:1 | Found a runed translucent gate.
 43247 | Vaults:1 | Noticed corvin's ghost (veteran TrBe)
 43691 | Vaults:1 | Noticed Nikola
 43706 | Vaults:1 | Killed Nikola
 44279 | Vaults:1 | Noticed a shard shrike
 44283 | Vaults:1 | Noticed a juggernaut
 44283 | Vaults:1 | a shard shrike changed into a juggernaut
 44285 | Vaults:1 | Noticed a shard shrike
 44285 | Vaults:1 | a juggernaut changed into a shard shrike
 44911 | Vaults:1 | Identified the amulet "Jiguh" {Reflect rElec rC+ Dex+2
                  | SH+5} (You found it on level 4 of the Shoals)
 45065 | Vaults:2 | Reached skill level 5 in Spellcasting
 45261 | Vaults:2 | Reached skill level 10 in Transmutations
 45269 | Vaults:2 | You fall into a shaft and drop 1 floor!
 45722 | Vaults:3 | Noticed Frederick
 45731 | Vaults:3 | Killed Frederick
 46065 | Vaults:3 | Noticed Mennas
 46076 | Vaults:3 | Killed Mennas
 46076 | Vaults:3 | Reached XP level 22. HP: 158/158 MP: 31/32
 46537 | Vaults:3 | Found Wawkineo's Jewellery Emporium.
 46546 | Vaults:3 | Bought an uncursed ring of resist corrosion for 300 gold
                  | pieces
 47200 | Vaults:2 | Reached skill level 15 in Stealth
 47610 | Vaults:2 | Noticed Bai Suzhen
 47620 | Vaults:2 | Killed Bai Suzhen
 47851 | Vaults:2 | Found a staircase to the Crypt.
 48989 | Vaults:4 | Found Ehisoq's Gadget Shoppe.
 49223 | Vaults:4 | Identified the Guide on Evil Rites and Protection
 49266 | Vaults:4 | Reached skill level 1 in Necromancy
 49592 | Vaults:4 | Found a runed translucent gate.
 49592 | Vaults:4 | Found a runed translucent gate.
 49592 | Vaults:4 | Found an ancient bone altar of Kikubaaqudgha.
 49592 | Vaults:4 | Found a runed translucent gate.
 49592 | Vaults:4 | Noticed an ancient lich
 49592 | Vaults:4 | Noticed CakeIsGreat's ghost (adept GrEE)
 49592 | Vaults:4 | Noticed an ancient lich
 49613 | Vaults:4 | Reached XP level 23. HP: 155/163 MP: 33/33
 49619 | Vaults:4 | Killed an ancient lich
 49620 | Vaults:4 | Killed an ancient lich
 49628 | Vaults:4 | Killed CakeIsGreat's ghost
 49628 | Vaults:4 | Reached skill level 5 in Necromancy
 49639 | Vaults:4 | Identified Kikubaaqudgha's Collected Works on Dark Arts
 49650 | Vaults:4 | Got a scintillating ivory ring
 49651 | Vaults:4 | Identified the ring "Towib" {+Inv Stlth+} (You found it on
                  | level 4 of the Vaults)
 50752 | Depths:1 | Entered Level 1 of the Depths
 50804 | Depths:1 | Reached skill level 16 in Fighting
 51107 | Depths:1 | Noticed Asterion
 51115 | Depths:1 | Killed Asterion
 51532 | Depths:1 | Found a gateway to Hell.
 51872 | Depths:2 | Reached skill level 17 in Fighting
 52705 | Depths:2 | Reached skill level 18 in Fighting
 52839 | Depths:2 | Reached XP level 24. HP: 173/177 MP: 33/33
 53057 | Depths:2 | Got a wavering granite ring
 53062 | Depths:2 | Identified the ring of Amubyzuv {rC+++ MR++ Str-5 Int+6
                  | Dex-3} (You found it on level 2 of the Depths)
 53182 | Depths:2 | Identified the Almanac of Snow
 53560 | Depths:3 | Reached skill level 19 in Fighting
 53587 | Depths:3 | Noticed a caustic shrike
 53595 | Depths:3 | Killed a caustic shrike
 54544 | Depths:3 | Found a shattered altar of Ashenzari.
 54867 | Depths:3 | Found a one-way gate leading to the halls of Pandemonium.
 54867 | Depths:3 | Gained mutation: You occasionally shout uncontrollably at
                  | your foes. [a cacodemon]
 55056 | Depths:3 | Lost mutation: You occasionally shout uncontrollably at
                  | your foes. [potion of mutation]
 55056 | Depths:3 | Gained mutation: You are resistant to electric shocks.
                  | (rElec) [potion of mutation]
 55056 | Depths:3 | Gained mutation: You possess an exceptional clarity of
                  | mind. [potion of mutation]
 55056 | Depths:3 | Gained mutation: You can translocate small distances at
                  | will. [potion of mutation]
 55056 | Depths:3 | Gained mutation: You are resistant to hostile enchantments.
                  | (MR+) [potion of mutation]
 55090 | Depths:4 | Found Ruulluri's Assorted Antiques.
 55148 | Depths:4 | Bought a wand of iceblast (9) for 128 gold pieces
 55148 | Depths:4 | Bought a crude bronze amulet for 160 gold pieces
 55148 | Depths:4 | Bought a potion of heal wounds for 160 gold pieces
 55148 | Depths:4 | Bought a potion of berserk rage for 160 gold pieces
 55297 | Depths:4 | Reached skill level 10 in Necromancy
 55797 | Depths:4 | Identified the amulet of Boerchorch {Inacc +Inv Int+4 SInv}
                  | (You bought it in a shop on level 4 of the Depths)
 55824 | Depths:4 | Noticed a shard shrike
 55828 | Depths:4 | a shard shrike changed into a golden dragon
 55970 | Depths:4 | Found a one-way gate to the infinite horrors of the Abyss.
 56121 | Depths:4 | Noticed the Enchantress
 56135 | Depths:4 | Killed the Enchantress
 56135 | Depths:4 | Reached XP level 25. HP: 166/188 MP: 33/33
 56271 | Depths:4 | Noticed Xtahua
 56276 | Depths:4 | Killed Xtahua
 56281 | Depths:4 | Noticed Margery
 56297 | Depths:4 | Reached skill level 15 in Transmutations
 56302 | Depths:4 | Killed Margery
 56933 | Depths:5 | Entered Level 5 of the Depths
 57308 | Depths:5 | Found a gate to the Realm of Zot.
 57849 | Depths:5 | Found Caroutya's Armour Shoppe.
 58144 | Depths:5 | Found a gateway to a ziggurat.
 58683 | Slime:1  | Entered Level 1 of the Pits of Slime
 60071 | Slime:5  | Entered Level 5 of the Pits of Slime
 60110 | Slime:5  | Noticed the Royal Jelly
 60562 | Slime:4  | HP: 9/188 [azure jelly[the Royal Jelly] (9)]
 60563 | Slime:4  | HP: 1/188 [azure jelly[the Royal Jelly] (5)]
 61282 | Slime:5  | Killed the Royal Jelly
 61282 | Slime:5  | Reached XP level 26. HP: 97/194 MP: 11/33
 61292 | Slime:5  | HP: 6/194 [acid blob/splash of acid[the Royal Jelly] (7)]
 61292 | Slime:5  | Splashed by an acid blob's acid

Illustrated notes

Levels and vault maps discovered:
D:1:      nagdon_arrival_double_spiral, layout_loops_ring,
          chequers_serial_rivers_micro_d
D:2:      layout_rooms, uniq_sigmund, uniq_jessica, uniq_robin
D:3:      layout_loops_ring, overflow_temple_1_default,
          gammafunk_temple_overflow_wave, first_ration, uniq_crazy_yiuf_cottage
D:4:      layout_loops_ring, nicolae_overflow_hidden_temple,
          overflow_temple_1_default, serial_shops, kennysheep_mini_moat
D:5:      layout_basic, zin_purify
D:6:      layout_basic, abandoned_shop, hangedman_decor_riveting
D:7:      layout_basic, lemuel_doored_altar, okawaru_metal_pillars_3,
          minmay_temple_entry_drinking_statues
D:8:      layout_loops_corners, overflow_temple_1_default, slow_altar_1,
          grunt_livestock, uniq_psyche
D:9:      layout_irregular_city, kennysheep_mini, fedhas_altar_3,
          minmay_orc_entry_temple_small
D:10:     layout_cave_pools, david_lair_generic, lemuel_flame_loot_1
D:11:     layout_stronghold
D:12:     layout_cross, hive_lemuel
D:13:     layout_cave_pools, david_vaults_1, serial_shops, shop,
          nicolae_dithmenos_through_a_glass_darkly
D:14:     layout_long_grid, minmay_misc_feat_hallway, basic_altar,
          serial_co_window_serial, co_window_corner_a, co_window_corner_a,
          co_window_corner_a, co_window_corner_a, co_window_corner_a,
          co_window_corner_ca, co_window_unsneaky_path_e,
          co_window_unsneaky_path_e, co_window_of_opportunity_b,
          co_window_corner_b, co_window_of_opportunity_b, co_window_paths_e,
          glass_columns_b, glass_columns_a
D:15:     grunt_enter_depths_giant_problem, layout_gridville,
          portal_ice_cave_entry_ice_beasts, serial_park_square2, minivault_23,
          uniq_agnes, uniq_rupert
Lair:1:   layout_cellular_growth, basic_altar, st_stairs_9
Lair:2:   layout_gridlike, minmay_shoals_entry_centaurs,
          chequers_serial_rivers_micro_a, serial_bayou_shore_b
Lair:3:   layout_long_grid
Lair:4:   layout_regular_city, dummy_snake_entry, minivault_23,
          kennysheep_basilisk_garden
Lair:5:   layout_roguey, gammafunk_ghost_hydra_chop, serial_bayou_shore_a,
          lemuel_fruit_fields, uniq_nessos
Lair:6:   minmay_lair_end_enchanted_forest, layout_misc_corridors,
          minmay_slime_entry_oklob_open, gauntlet_entry_generic
Shoals:1: layout_shoals
Shoals:2: layout_shoals, nicolae_shoals_square_sea_wall, nicolae_alphabet_shops
Shoals:3: layout_shoals, uniq_ilsuiw
Shoals:4: shoals_end_simple, layout_shoals, nicolae_shoals_this_corrosion
Snake:1:  layout_rooms, nicolae_snake_biting_tails, grunt_ministairs_4
Snake:2:  layout_misc_corridors, serial_shops, shop, minmay_shoptagon,
          uniq_aizul, uniq_azrael
Snake:3:  nicolae_snake_hallway, layout_misc_corridors, drop_trap, st_stairs_8,
          evilmike_ambush [evilmike_ambush_outer_basic,
          evilmike_ambush_inner_pond]
Snake:4:  snake_pit, layout_cave_town, gammafunk_ghost_cemetery,
          serial_bayou_shore_b
Slime:1:  layout_caves
Slime:2:  layout_caves
Slime:3:  layout_caves
Slime:4:  layout_caves
Slime:5
Orc:1:    layout_caves, nicolae_orc_lava_room, uniq_jorgrun
Orc:2:    st_orc_open, layout_diamond_mine, uniq_snorg, uniq_maurice,
          uniq_donald
Elf:1:    layout_geoelf_octagon, minivault_28
Elf:2:    layout_onion_city, serial_shops, nicolae_shop_trees,
          nicolae_shop_overgrown_old_shop, shop
Elf:3:    minmay_elf_hall_not_hex, layout_loops_corners, serial_shops,
          nicolae_shop_crystal, nicolae_elf_big_sculpture_2, minmay_elf_sorcery
Vaults:1: gammafunk_vaults_ghost_split, vaults_mumra_chevron_long,
          nicolae_vaults_circle_grid_b, st_quartered_hall,
          nicolae_vaults_rhombus_6, vaults_standard_mumra_x,
          hangedman_vaults_capsules, nicolae_vaults_windows_and_doors_thing,
          nicolae_vaults_little_squares_5, v_pattern_1, layout_vaults_omnibox,
          uniq_nikola
Vaults:2: st_octagons_2, grunt_vaults_bifocal, hangedman_vaults_hat, v_rooms_3,
          minmay_crypt_entry_simple_plaza, ontoclasm_vaults_loading_screen,
          nicolae_vaults_what_the_h, vaults_mumra_lcd, v_misc_16, v_misc_12,
          hangedman_vaults_trim, hangedman_vaults_nails, layout_vaults_ring,
          uniq_bai_suzhen
Vaults:3: serial_ice_h, ontoclasm_vaults_gateway, nicolae_vaults_ninety_degrees,
          vaults_mumra_hex, nicolae_vaults_hallways_thing,
          layout_vaults_quadrants, serial_shops, shop, uniq_frederick,
          uniq_mennas
Vaults:4: gammafunk_vaults_ghost_crypt, hangedman_vaults_trim,
          ontoclasm_vaults_ligature, ontoclasm_vaults_shuriken,
          vaults_mumra_hexcomb, vaults_room_corners, v_misc_8,
          nicolae_vaults_alarming, v_misc_2, ontoclasm_vaults_eye,
          nicolae_vaults_diagonal_hallway_6, layout_vaults_big_cross,
          serial_shops, shop
Depths:1: layout_cave_pools, chequers_serial_rivers_small_b,
          pf_hell_entry_tar_spiral, grunt_ministairs_12,
          kennysheep_generic_room_9, uniq_asterion
Depths:2: radiant_caverns_a_rkd, hell_entry
Depths:3: minmay_dotted_concentric_squares, layout_cave_shapes,
          lemuel_crystal_altar, grunt_pan_entry_in_and_out, hell_entry,
          firewood_loft
Depths:4: kennysheep_windowed_halls, layout_cave_shapes, minmay_crystal_water,
          abyss_entry, hell_entry, serial_shops, shop,
          kennysheep_generic_room_14, minmay_staircase_bubble, uniq_enchantress,
          uniq_xtahua, uniq_margery
Depths:5: grunt_crosshair, layout_cave_shapes, enter_ziggurat_a, abyss_entry,
          serial_sigils, serial_sigils_hangedman_quiver,
          serial_sigils_hangedman_scratch, serial_sigils_hangedman_stare,
          serial_sigils_hangedman_gut, hell_entry, serial_shops,
          nicolae_shop_window_shopping, roderic_roman_lattice,
          grunt_decor_resistance

Skill      XL: |  1  2  3  4  5  6  7  8  9 10 11 12 13 14 15 16 17 18 19 20 21 22 23 24 25 |
---------------+----------------------------------------------------------------------------+-----
Long Blades    | 3 6 8 11 12 14 17 18 | 18.7
Fighting       | 5 7 9 10 14 15 18 19 | 19.6
Shields        | 6 7 9 11 14 15 | 15.0
Evocations     | 3 7 11 12 14 | 14.0
Dodging        | 4 8 9 11 12 13 14 | 14.0
Throwing       | 6 9 11 | 11.0
Translocations | 2 |  2.9
Stealth        | 10 14 18 | 18.8
Spellcasting   | 3 6 |  6.8
Transmutations | 8 10 11 12 13 17 | 17.9
Necromancy     | 3 6 10 13 | 13.2

Action                   |  1- 3 |  4- 6 |  7- 9 | 10-12 | 13-15 | 16-18 | 19-21 | 22-24 | 25-27 || total
-------------------------+-------+-------+-------+-------+-------+-------+-------+-------+-------++-------
Melee: Long sword        |    64 |    46 |   270 |   485 |   114 |       |       |       |       ||   979
       Constrict         |    18 |    19 |    71 |   107 |    94 |   156 |   162 |   118 |    26 ||   771
       Tentacles         |    11 |    14 |    96 |   249 |   308 |   312 |   395 |   370 |   127 ||  1882
       Scimitar          |       |       |       |       |   611 |   736 |   905 |   916 |   296 ||  3464
Throw: Dart              |       |       |    36 |    67 |    12 |       |       |       |       ||   115
       Boomerang         |       |       |       |    44 |    29 |       |       |    33 |       ||   106
       Javelin           |       |       |       |       |    13 |     4 |    89 |    77 |    54 ||   237
Invok: Potion Petition   |       |       |       |     1 |       |       |     1 |       |       ||     2
       Call Merchant     |       |       |       |       |       |     1 |     2 |       |       ||     3
 Abil: Evoke Invisibilit |       |       |       |       |     1 |       |       |       |     2 ||     3
Evoke: Wand              |       |       |       |    21 |    22 |     6 |     7 |     7 |     3 ||    66
       Tin of tremorston |       |       |       |       |       |     3 |     3 |       |       ||     6
  Use: Scroll            |       |       |    14 |    10 |    14 |     8 |     4 |     6 |     4 ||    60
       Potion            |       |       |       |     2 |     5 |     2 |     4 |     3 |     7 ||    23
 Stab: Sleeping          |    12 |     1 |    12 |    12 |    38 |    11 |    43 |    26 |    11 ||   166
       Distracted        |       |       |     1 |    10 |    15 |    16 |    31 |    42 |     5 ||   120
       Invisible         |       |       |       |       |     8 |       |       |       |    14 ||    22
       Confused          |       |       |       |       |     1 |       |       |       |       ||     1
  Eat: Chunk             |     2 |     1 |     3 |       |       |       |       |       |       ||     6
       Ration            |       |       |     4 |     6 |    11 |     9 |    11 |    10 |     5 ||    56
Armor: Skin              |     5 |     2 |    23 |    31 |    19 |    16 |     5 |     3 |     2 ||   106
Dodge: Dodged            |    13 |    16 |    77 |   181 |   207 |   243 |   267 |   233 |   146 ||  1383
Block: Kite shield       |    16 |    20 |   167 |   357 |   602 |   724 |   860 |   649 |   281 ||  3676
       Reflection        |       |       |     8 |    17 |     4 |       |       |       |       ||    29
       Rpst.: Long sword |     5 |     8 |    27 |    48 |    10 |       |       |       |       ||    98
       Scimitar          |       |       |       |       |    49 |    38 |    30 |    36 |    20 ||   173
